 Dungeon Crawl Stone Soup version 0.29.1-2-gbd0b4ee654 (webtiles) character file.

Game seed: 3253009213598798310

65 xSliceyx the Covered (level 4, -5/35 HPs)
             Began as a Formicid Abyssal Knight on Nov 25, 2022.
             Was a Believer of Lugonu.
             Slain by Grinder (6 damage)
             ... on level 3 of the Dungeon.
             The game lasted 00:06:00 (2297 turns).

xSliceyx the Covered (Formicid Abyssal Knight)      Turns: 2297, Time: 00:06:01

Health: -5/35      AC:  3    Str: 20    XL:     4   Next: 34%
Magic:  14/14      EV: 11    Int:  9    God:    Lugonu [**....]
Gold:   107        SH:  0    Dex: 14    Spells: 3/3 levels left

rFire   . . .      SeeInvis +   a - +1 spear
rCold   . . .      Faith    .   (no shield)
rNeg    . . .      Spirit   .   b - +0 leather armour
rPois   .          Reflect  .   (helmet unavailable)
rElec   .          Harm     .   (no cloak)
rCorr   .          Rampage  .   (no gloves)
Will    .....                   (no boots)
Stlth   +.........              (no amulet)
HPRegen 0.11/turn               k - ring of magical power
MPRegen 0.14/turn               (no ring)

@: no status effects
A: permanent stasis, dig shafts and tunnels, antennae 3, four strong arms
a: Dig, Shaft Self, Renounce Religion, Depart the Abyss, Bend Space


You were on level 3 of the Dungeon.
You worshipped Lugonu.
Lugonu was pleased with you.
You visited 1 branch of the dungeon, and saw 3 of its levels.
You visited the Abyss 1 time.

You collected 107 gold pieces.

Inventory:

Hand Weapons
 a - a +1 spear (weapon)
 e - a +0 sling
Missiles
 c - 6 poisoned darts (quivered)
Armour
 b - a +0 leather armour (worn)
 h - a +0 chain mail
Jewellery
 k - a ring of magical power (left hand)
Wands
 j - a wand of roots (6)
Scrolls
 d - a scroll of brand weapon {unknown}
 f - a scroll of teleportation {unknown}
 l - a scroll of vulnerability {unknown}
 m - a scroll of immolation {unknown}
 n - 2 scrolls of identify {unknown}
 o - a scroll of noise {unknown}
Potions
 g - a potion of brilliance {unknown}
 i - a potion of curing {unknown}


   Skills:
 - Level 3.2 Fighting
 - Level 2.0 Polearms
 + Level 4.7 Armour
 - Level 0.8 Dodging
 - Level 2.1 Invocations


You had 3 spell levels left.
You didn't know any spells.
Your spell library was empty.

Dungeon Overview and Level Annotations

Branches:
Dungeon (3/15)

Altars:
Vehumet

Annotations:
D:3 Grinder


Innate Abilities, Weirdness & Mutations

You cannot be hasted, slowed, berserked, paralysed or teleported.
You can dig through walls and to a lower floor.
You have a pair of large antennae on your head. (SInv)
Your four strong arms can wield two-handed weapons with a shield.


Message History

The bat is heavily wounded.
The bat closely misses you.
Throw: 6 darts (poison)
Press: ? - help, Q - select action, (/) - cycle Shift-Dir - straight line
Okay, then.
Reach: a) +1 spear
Press: ? - help, Dir - move target, f - bat
Aim: a bat (moderately wounded, about 49% to evade your +1 spear)
You reach to attack!
You barely miss the bat.
The bat is moderately wounded.
The bat barely misses you.
Grinder grins, showing sharp teeth.
Reach: a) +1 spear
Press: ? - help, Dir - move target, f - Grinder, p - bat
Aim: Grinder (about 39% to evade your +1 spear)
You reach to attack!
You hit Grinder but do no damage. The bat hits you but does no damage.
You puncture Grinder!
Grinder is moderately wounded.
The bat hits you.
Grinder says, "Just stop there for a second..."
Grinder hits you!
You writhe in agony.
You barely miss Grinder.
Grinder is moderately wounded.
The bat hits you but does no damage. Grinder hits you.
You writhe in agony.
You puncture Grinder!
Grinder is heavily wounded.
The bat closely misses you. Grinder hits you.
You writhe in agony.
* * * LOW HITPOINT WARNING * * *
You hit Grinder but do no damage.
Grinder is heavily wounded.
The bat hits you.
* * * LOW HITPOINT WARNING * * *
The bat hits you but does no damage. Grinder hits you but does no damage.
You hit Grinder.
Grinder is heavily wounded.
The bat barely misses you. Grinder hits you.
* * * LOW HITPOINT WARNING * * *
You writhe in agony.
You die...

.....
####!.)..
#.......
#.....#
#.....# .#####
#.....#
......##5....#
#...b@....#
#...(..#+##
#...##.# #...#
.#
#...##+#####
####.......#
#....)..#
#.......#
#.......#


You could see Grinder and a bat.

Vanquished Creatures
  2 adders (D:2)
  2 worms (D:2)
  2 dart slugs (D:2)
  An endoplasm (D:1)
  5 giant cockroaches
  2 hobgoblins (D:2)
  4 kobolds
  3 quokkas
  4 ball pythons
  5 bats
  2 frilled lizards (D:2)
  2 goblins
  7 rats
41 creatures vanquished.

Notes
Turn   | Place    | Note
-------+----------+-------------------------------------------
     0 | Abyss:1  | xSliceyx the Formicid Abyssal Knight began the quest for
                  | the Orb.
     0 | Abyss:1  | Reached XP level 1. HP: 18/18 MP: 2/2
   141 | Abyss:1  | Noticed a starcursed mass
   143 | D:1      | Escaped the Abyss
   367 | D:1      | Reached ** piety under Lugonu
   414 | D:1      | Reached XP level 2. HP: 16/24 MP: 3/3
   417 | D:1      | Reached skill level 3 in Armour
   706 | D:1      | Found a faded altar of an unknown god.
  1073 | D:2      | Reached XP level 3. HP: 24/29 MP: 4/4
  1425 | D:2      | Found a radiant altar of Vehumet.
  1636 | D:2      | Reached skill level 4 in Armour
  1898 | D:2      | Reached XP level 4. HP: 27/35 MP: 5/5
  2288 | D:3      | Noticed Grinder
  2297 | D:3      | HP: 1/35 [Grinder (5)]
  2297 | D:3      | Slain by Grinder

Illustrated notes

Levels and vault maps discovered:
D:1:      dpeg_arrival_line_fractal, layout_loops_ring,
          shapermc_ecumenical_altar_petra, minmay_pentomino_s2
D:2:      minmay_diamond_boxcup, layout_rooms, basic_altar,
          kennysheep_flooded_box
D:3:      layout_basic, minmay_unequal, uniq_terence, uniq_natasha, uniq_grinder

Skill      XL: |  1  2  3 |
---------------+----------+-----
Armour         | 3 4 |  4.7
Fighting       | |  3.2
Polearms       | |  2.0
Dodging        | |  0.8
Invocations    | |  2.1

Action                   |  1- 3 |  4- 6 || total
-------------------------+-------+-------++-------
Melee: Spear             |   110 |    29 ||   139
       Punch             |     1 |       ||     1
Throw: Dart              |     2 |     1 ||     3
Invok: Depart the Abyss  |     1 |       ||     1
 Abil: Dig               |     2 |       ||     2
 Stab: Sleeping          |     3 |     2 ||     5
Armor: Leather armour    |    23 |    18 ||    41
Dodge: Dodged            |    44 |     9 ||    53
